 Dungeon Crawl Stone Soup version 0.28.0 (webtiles) character file.

Game seed: 4337379957073795277

13 Host24 the Bolt Thrower (level 2, 0/19 HPs)
             Began as a Kobold Hunter on Feb 20, 2022.
             Frozen to death by an endoplasm (4 damage)
             ... on level 1 of the Dungeon.
             The game lasted 00:00:53 (949 turns).

Host24 the Bolt Thrower (Kobold Hunter)              Turns: 949, Time: 00:00:54

Health: 0/19       AC:  3    Str:  9    XL:     2   Next: 50%
Magic:  2/2        EV: 14    Int: 12    God:
Gold:   38         SH:  0    Dex: 15    Spells: 1/1 levels left

rFire   . . .      SeeInvis .   a - +1 hand crossbow
rCold   . . .      Faith    .   (no shield)
rNeg    . . .      Spirit   .   c - +0 leather armour
rPois   .          Reflect  .   (no helmet)
rElec   .          Harm     .   (no cloak)
rCorr   .          Rampage  .   (no gloves)
Will    .....                   (no boots)
Stlth   +++.......              (no amulet)
HPRegen 0.06/turn               (no ring)
MPRegen 0.08/turn               (no ring)

@: no status effects
A: small, no large weapons, nightstalker 3
a: no special abilities


You were on level 1 of the Dungeon.
You visited 1 branch of the dungeon, and saw 1 of its levels.

You collected 38 gold pieces.

Inventory:

Hand Weapons
 a - a +1 hand crossbow (weapon)
 b - a +0 short sword
Missiles
 d - 18 bolts (quivered ammo)
 e - 25 stones
 f - 13 arrows
Armour
 c - a +0 leather armour (worn)
Scrolls
 g - a scroll of enchant weapon {unknown}
Potions
 h - a potion of lignification {unknown}


   Skills:
 - Level 3.0 Fighting
 - Level 5.0 Crossbows
 + Level 2.5 Dodging
 - Level 1.3 Stealth


You had one spell level left.
You didn't know any spells.
Your spell library was empty.

Dungeon Overview and Level Annotations

Branches:
Dungeon (1/15)

Altars:


Innate Abilities, Weirdness & Mutations

You are small and have problems with some larger weapons.
You are completely attuned to the shadows.


Message History

The jackal is moderately wounded.
The jackal closely misses you.
You hit the jackal.
The jackal is almost dead.
The jackal bites you. The jackal barely misses you.
You barely miss the jackal.
The jackal is almost dead.
The jackal bites you. x2
You hit the jackal but do no damage.
The jackal is almost dead.
The jackal misses you.
You closely miss the jackal.
The jackal is almost dead.
The jackal bites you.
* * * LOW HITPOINT WARNING * * *
The jackal barely misses you.
You hit the jackal but do no damage.
The jackal is almost dead.
The jackal closely misses you.
You hit the jackal but do no damage.
The jackal is almost dead.
The jackal bites you but does no damage.
The jackal closely misses you.
a - a +1 hand crossbow (weapon)
The jackal barely misses you.
Fire: 20 bolts
Press: ? - help, Q - select action, (/) - cycle Shift-Dir - straight line, f - jackal
Aim: a jackal (almost dead, 60% to hit)
You shoot a bolt. The bolt hits the jackal.
You kill the jackal!
The endoplasm hits you.
* * * LOW HITPOINT WARNING * * *
Fire: 19 bolts
Press: ? - help, Q - select action, (/) - cycle Shift-Dir - straight line, f - endoplasm
Aim: an endoplasm (88% to hit)
You shoot a bolt. The bolt hits the endoplasm.
The endoplasm is severely wounded.
The endoplasm freezes you.
You are frozen.
You die...

##################
.................#
################.#
#@# #J# #.#
#.#####+####+##
#.#
#.............#
#.####
#.............##
######.....
#...............
...........
#..............#
######.....
................#
#.....
####.#...####.#..


You could see an endoplasm.

Vanquished Creatures
  2 ball pythons (D:1)
  2 bats (D:1)
  An endoplasm (D:1)
  3 hobgoblins (D:1)
  2 jackals (D:1)
10 creatures vanquished.

Notes
Turn   | Place    | Note
-------+----------+-------------------------------------------
     0 | D:1      | Host24 the Kobold Hunter began the quest for the Orb.
     0 | D:1      | Reached XP level 1. HP: 12/12 MP: 1/1
   198 | D:1      | Reached skill level 5 in Crossbows
   549 | D:1      | Reached XP level 2. HP: 18/18 MP: 2/2
   949 | D:1      | Frozen to death by an endoplasm

Illustrated notes

Levels and vault maps discovered:
D:1:      minmay_arrival_loop, layout_basic

Skill      XL: |  1  2 |
---------------+-------+-----
Crossbows      | 5 |  5.0
Fighting       | 3 |  3.0
Dodging        | |  2.5
Stealth        | |  1.3

Action                   || total
-------------------------++-------
Melee: Short sword       ||    65
 Fire: Hand crossbow     ||     2
 Stab: Sleeping          ||     4
Armor: Leather armour    ||     8
Dodge: Dodged            ||    56
